[Event "ONJK-A 2019"]
[Site "Borne"]
[Date "2019.08.08"]
[Round "6.9"]
[White "De Vries, Tobias"]
[Black "Butzen, Robin"]
[Result "1-0"]
[ECO "A04"]
[WhiteElo "1868"]
[BlackElo "1967"]
[Annotator "NA"]
[PlyCount "43"]
[EventDate "2019.08.05"]
[EventType "swiss"]
[EventCountry "NED"]
[SourceTitle "playchess.com"]
[Source "ChessBase"]
[SourceQuality "1"]
[TimeControl "5400+30"]

1. Nf3 c5 2. g3 g6 3. Bg2 Bg7 4. d4 cxd4 5. Nxd4 Nc6 6. Nxc6 bxc6 7. O-O d5 8. c4 e6 9. cxd5 cxd5 10. e4 dxe4 11. Bxe4 Rb8 12. Qa4+ Bd7 13. Qxa7 Rxb2 14. Rd1 Re2 15. Rxd7 Re1+ 16. Kg2 Rxc1 17. Rxd8+ Kxd8 18. Nc3 Rxa1 19. Nb5 Rd1 20. Qc7+ Ke8 21. Bc6+ Kf8 22. Nd6 1-0

[Event "ONJK-A 2019"]
[Site "Borne"]
[Date "2019.08.08"]
[Round "6.10"]
[White "Segers, Job"]
[Black "Merkon, Oseb"]
[Result "0-1"]
[ECO "B25"]
[WhiteElo "1618"]
[BlackElo "2013"]
[Annotator "NA"]
[PlyCount "80"]
[EventDate "2019.08.05"]
[EventType "swiss"]
[EventCountry "NED"]
[SourceTitle "playchess.com"]
[Source "ChessBase"]
[SourceQuality "1"]
[TimeControl "5400+30"]

1. e4 c5 2. Nc3 Nc6 3. g3 g6 4. Bg2 e5 5. d3 Bg7 6. Nge2 Nge7 7. O-O O-O 8. Be3 d6 9. f4 f5 10. Qd2 Be6 11. fxe5 Nxe5 12. Nf4 Bf7 13. Ncd5 Nxd5 14. Nxd5 Bxd5 15. exd5 Ng4 16. Bg5 Qb6 17. c3 Ne5 18. Rab1 Rae8 19. Kh1 Qa6 20. Bf4 Nf7 21. b4 b6 22. Rf2 Be5 23. Bxe5 Nxe5 24. Bf1 Qb7 25. Bg2 Qf7 26. bxc5 bxc5 27. h3 Rb8 28. Rb3 Rxb3 29. axb3 Qb7 30. d4 cxd4 31. cxd4 Nf7 32. Qe3 Rb8 33. Rc2 Qxb3 34. Rc8+ Kg7 35. Qe8 Rxc8 36. Qxc8 Qxg3 37. Qd7 Qe1+ 38. Kh2 a5 39. Qa7 Qb4 40. Bf3 a4 0-1

[Event "ONJK-A 2019"]
[Site "Borne"]
[Date "2019.08.08"]
[Round "6.11"]
[White "Nies, Levi"]
[Black "Klaren, Duncan"]
[Result "0-1"]
[ECO "B23"]
[WhiteElo "1516"]
[BlackElo "1896"]
[Annotator "NA"]
[PlyCount "50"]
[EventDate "2019.08.05"]
[EventType "swiss"]
[EventCountry "NED"]
[SourceTitle "playchess.com"]
[Source "ChessBase"]
[SourceQuality "1"]
[TimeControl "5400+30"]

1. e4 c5 2. Nc3 Nc6 3. f4 g6 4. Bc4 Bg7 5. Nf3 e6 6. d3 Nge7 7. O-O O-O 8. Qe1 d5 9. Bb3 Nd4 10. Qh4 Nxf3+ 11. Rxf3 Nc6 12. Qxd8 Rxd8 13. exd5 exd5 14. Nxd5 Nd4 15. Ne7+ Kf8 16. Nxc8 Nxf3+ 17. gxf3 Raxc8 18. Bc4 Re8 19. Kf1 Re7 20. c3 Rce8 21. Bd2 Re2 22. Be1 Rxb2 23. Bf2 b6 24. d4 cxd4 25. cxd4 Rxf2+ 0-1

[Event "ONJK-A 2019"]
[Site "Borne"]
[Date "2019.08.08"]
[Round "6.12"]
[White "Vermet, Thomas"]
[Black "Vitharana, Annelies"]
[Result "0-1"]
[ECO "B18"]
[WhiteElo "1477"]
[BlackElo "1768"]
[Annotator "NA"]
[PlyCount "62"]
[EventDate "2019.08.05"]
[EventType "swiss"]
[EventCountry "NED"]
[SourceTitle "playchess.com"]
[Source "ChessBase"]
[SourceQuality "1"]
[TimeControl "5400+30"]

1. e4 c6 2. d4 d5 3. Nc3 dxe4 4. Nxe4 Bf5 5. Ng3 Bg6 6. Nh3 Nf6 7. Bc4 e6 8. O-O Be7 9. f4 Ne4 10. c3 Nxg3 11. hxg3 O-O 12. g4 Be4 13. Qe2 Bd5 14. Bxd5 exd5 15. Kh1 Nd7 16. Qf3 Rc8 17. Be3 Re8 18. Rae1 Qa5 19. a3 Nb6 20. Nf2 Nc4 21. Bc1 Qb6 22. Nd3 Nd6 23. Re2 Ne4 24. Nf2 Nd6 25. Nd3 Qc7 26. Rfe1 Bf8 27. Rxe8 Rxe8 28. Rxe8 Nxe8 29. Qe2 Nf6 30. g5 Ne4 31. Nf2 Ng3+ 0-1

[Event "ONJK-A 2019"]
[Site "Borne"]
[Date "2019.08.09"]
[Round "7.2"]
[White "De Bock, Thijs"]
[Black "Noordenbos, Daan"]
[Result "1-0"]
[ECO "C06"]
[WhiteElo "1870"]
[BlackElo "2042"]
[Annotator "NA RC"]
[PlyCount "49"]
[EventDate "2019.08.05"]
[EventType "swiss"]
[EventCountry "NED"]
[SourceTitle "playchess.com"]
[Source "ChessBase"]
[SourceQuality "1"]
[TimeControl "5400+30"]

1. e4 e6 2. d4 d5 3. Nd2 Nf6 4. e5 Nfd7 5. c3 c5 6. Bd3 Nc6 7. Ngf3 Qb6 8. O-O Be7 9. Re1 O-O 10. Nf1 cxd4 11. cxd4 f6 12. Ng5 $19 (12. exf6 $11 {and White stays safe.} Nxf6 13. a3) 12... fxg5 13. Qh5 h6 14. Qg6 Ndxe5 15. dxe5 Qxf2+ 16. Kh1 Rf5 17. Be3 Qxb2 18. Bxf5 exf5 19. Ng3 Bf8 20. Nh5 Kh8 21. Bc5 Nxe5 22. Qe8 Nd7 23. Bxf8 Nxf8 24. Qxf8+ Kh7 25. Rab1 1-0

[Event "ONJK-A 2019"]
[Site "Borne"]
[Date "2019.08.09"]
[Round "7.5"]
[White "Ypma, Jord"]
[Black "Baselmans, Sam"]
[Result "0-1"]
[ECO "A45"]
[WhiteElo "1968"]
[BlackElo "2064"]
[Annotator "NA RC"]
[PlyCount "116"]
[EventDate "2019.08.05"]
[EventType "swiss"]
[EventCountry "NED"]
[SourceTitle "playchess.com"]
[Source "ChessBase"]
[SourceQuality "1"]
[TimeControl "5400+30"]

1. d4 Nf6 2. Bf4 g6 3. Nc3 d5 4. e3 Bg7 5. h4 O-O 6. h5 c5 7. hxg6 hxg6 8. Nf3 Bg4 9. Qd2 Nc6 10. Ne5 Nxe5 11. Bxe5 Ne4 $1 12. Nxe4 dxe4 13. Bxg7 Kxg7 $11 14. Be2 Bxe2 15. Qxe2 Qa5+ 16. c3 Rh8 17. Rg1 Rad8 18. Qc4 cxd4 19. exd4 b5 20. Qc5 Kf8 21. a3 Rh5 22. Qb4 Qc7 23. O-O-O Rf5 24. Rgf1 Kg7 25. Kb1 a5 26. Qb3 Rb8 27. f3 exf3 28. Rxf3 Rxf3 29. gxf3 Qf4 30. Qd5 e6 31. Qe5+ Qxe5 32. dxe5 Rc8 33. Kc2 g5 34. Rd7 Rc5 35. Kd3 Rxe5 36. b4 axb4 37. axb4 Rf5 38. Ke3 Kf6 39. Rc7 Rd5 40. Rb7 Kg6 41. Rb8 Kf5 42. Rb7 f6 43. Rb6 Ke5 44. Rb8 f5 45. Rg8 f4+ 46. Ke2 Kf6 47. Rf8+ Ke7 48. Rg8 Kd7 49. Rg7+ Kc6 50. Rg8 Re5+ 51. Kf2 Re3 52. Rxg5 Rxc3 53. Re5 Rc2+ 54. Ke1 Rc4 55. Rxe6+ Kd5 56. Re8 Rxb4 57. Rd8+ Kc4 58. Rf8 Kd3 0-1

[Event "ONJK-A 2019"]
[Site "Borne"]
[Date "2019.08.09"]
[Round "7.7"]
[White "Hempler, Poul"]
[Black "De Vries, Tobias"]
[Result "1-0"]
[ECO "B22"]
[WhiteElo "1856"]
[BlackElo "1868"]
[Annotator "NA RC"]
[PlyCount "89"]
[EventDate "2019.08.05"]
[EventType "swiss"]
[EventCountry "NED"]
[SourceTitle "playchess.com"]
[Source "ChessBase"]
[SourceQuality "1"]
[TimeControl "5400+30"]

1. e4 c5 2. c3 d5 3. exd5 Nf6 4. c4 e6 5. dxe6 Bxe6 6. Nf3 Nc6 7. Be2 Bd6 8. O-O O-O 9. b3 Qc7 10. Bb2 $14 Nd4 11. h3 Nxe2+ 12. Qxe2 Nh5 13. Ng5 Nf4 14. Qe4 g6 15. Nxe6 fxe6 16. Nc3 Qe7 17. Rae1 Qg5 18. Re3 Rae8 19. Nb5 Bb8 20. Qxb7 Re7 21. Qe4 Ref7 22. Na3 Rd8 23. Bc3 Nh5 24. Qg4 Qe7 25. Qxe6 Qc7 26. Qe5 Qxe5 27. Bxe5 Bxe5 28. Rxe5 Rxd2 29. Rxc5 Rxa2 30. Nb5 Rb2 31. Nd4 Rd7 32. Rd1 Nf4 33. Kh2 Rxf2 34. Kg3 Rxg2+ 35. Kxf4 Rf7+ 36. Ke4 Rg3 37. Ne6 Re7 38. Re5 Re8 39. Rd3 Rg1 40. Kd5 Ra1 41. c5 Ra5 42. Kd6 Rb5 43. c6 Rxe5 44. Kxe5 Kf7 45. Rd7+ 1-0

[Event "ONJK-A 2019"]
[Site "Borne"]
[Date "2019.08.09"]
[Round "7.8"]
[White "Vleming, Stefan"]
[Black "Merkon, Oseb"]
[Result "0-1"]
[ECO "D11"]
[WhiteElo "1760"]
[BlackElo "2013"]
[Annotator "NA RC"]
[PlyCount "48"]
[EventDate "2019.08.05"]
[EventType "swiss"]
[EventCountry "NED"]
[SourceTitle "playchess.com"]
[Source "ChessBase"]
[SourceQuality "1"]
[TimeControl "5400+30"]

1. d4 d5 2. c4 c6 3. Nf3 Nf6 4. e3 Bg4 5. h3 Bh5 6. g4 Bg6 7. Nh4 e6 8. Nc3 Nbd7 9. Bg2 dxc4 10. e4 $2 {[%emt 0:13:04] [#]} (10. Nxg6 $11 {and White stays safe.} hxg6 11. Bd2) 10... Nxe4 $1 {[%emt 0:16:29] Discovered Attack} 11. Nxe4 (11. Nxg6 $142 Nxc3 12. bxc3 hxg6 13. Qe2) 11... Bxe4 ({Weaker is} 11... Qxh4 12. Bg5 $14) 12. Bxe4 Qxh4 13. Qc2 Bb4+ 14. Ke2 Nb6 15. Bf4 $19 Qe7 16. h4 Bd6 17. Bg5 f6 18. Be3 g6 19. Rag1 O-O-O 20. f4 Nd5 21. Qxc4 Bxf4 22. Bxf4 Nxf4+ 23. Kf3 Nd5 24. Rc1 Qd6 0-1

[Event "ONJK-A 2019"]
[Site "Borne"]
[Date "2019.08.09"]
[Round "7.9"]
[White "Klaren, Duncan"]
[Black "Hofstra, Tijmen"]
[Result "1-0"]
[ECO "B03"]
[WhiteElo "1896"]
[BlackElo "1732"]
[Annotator "NA RC"]
[PlyCount "61"]
[EventDate "2019.08.05"]
[EventType "swiss"]
[EventCountry "NED"]
[SourceTitle "playchess.com"]
[Source "ChessBase"]
[SourceQuality "1"]
[TimeControl "5400+30"]

1. e4 Nf6 2. e5 Nd5 3. d4 d6 4. c4 Nb6 5. exd6 exd6 6. Nc3 Nc6 7. Be3 Be7 8. Bd3 Nd7 {[%emt 0:00:26] B03: Alekhine's Defence: Four Pawns Attack} (8... O-O 9. b3 Bf6 10. Nge2 Bg4 11. O-O Nxd4 12. Bxd4 Bxd4 13. Bxh7+ Kxh7 14. Qxd4 Bxe2 15. Nxe2 Re8 16. Ng3 Kg8 {1-0 (29) Libiszewski,F (2530)-Sadorra,J (2539) chess.com INT 2018}) 9. Nge2 $146 ({Predecessor:} 9. Nf3 Nf6 10. a3 a5 11. O-O O-O 12. h3 Bd7 13. Nd5 Re8 14. Rc1 Qc8 15. Qc2 h6 16. Nh2 {½-½ (24) Fraczek,L (1557)-Szustakowski,A (1485) Milanowek 2012}) 9... Nf6 10. O-O O-O 11. Ng3 Re8 12. Rc1 Bf8 13. Qd2 Ng4 14. h3 Nxe3 15. fxe3 Qg5 16. Nge4 Qh6 (16... Qd8 $16) 17. Qf2 f5 18. Nd5 Rb8 19. Ng3 ({Much less strong is} 19. Nxc7 $6 Nb4 $16) 19... Ne7 (19... Be7 $142 20. Bxf5 (20. Nxf5 Bxf5 21. Qxf5 Kh8 $16) 20... g6) 20. Nxc7 Rd8 21. Rce1 ({Don't do} 21. Bxf5 Kh8) (21. Nxf5 $142 Nxf5 22. Bxf5) 21... g6 22. e4 ({Better is} 22. Ne2 $18) 22... Bg7 $2 (22... f4 $16) 23. exf5 Nxf5 24. Bxf5 ({Resist} 24. Nxf5 gxf5 25. Ne8 (25. Bxf5 Bxf5 26. Qxf5 Bxd4+ 27. Kh2 Be5+ 28. Rxe5 dxe5 $16) 25... Bd7 $18) 24... Bxf5 25. Nxf5 gxf5 26. Ne6 Re8 27. Qxf5 Rf8 (27... Kh8 $142 28. Qd5 Rg8 29. Qxd6 Qg6) 28. Nxf8 Rxf8 {[%emt 0:00:07] [#]} 29. Re8 $18 Qg6 30. Rxf8+ Bxf8 31. Qxf8# 1-0

[Event "ONJK-A 2019"]
[Site "Borne"]
[Date "2019.08.09"]
[Round "7.10"]
[White "Akulova, Alicia"]
[Black "Vitharana, Annelies"]
[Result "0-1"]
[ECO "B11"]
[WhiteElo "1702"]
[BlackElo "1768"]
[Annotator "NA RC"]
[PlyCount "132"]
[EventDate "2019.08.05"]
[EventType "swiss"]
[EventCountry "NED"]
[SourceTitle "playchess.com"]
[Source "ChessBase"]
[SourceQuality "1"]
[TimeControl "5400+30"]

1. e4 c6 2. Nc3 d5 3. Nf3 dxe4 4. Nxe4 Bf5 5. Ng3 Bg6 6. h4 h6 7. Ne5 Qd6 8. d4 Nd7 9. Nxg6 Qxg6 10. Bd3 Qe6+ 11. Qe2 Qxe2+ 12. Nxe2 Ngf6 13. c3 e6 14. Bf4 Be7 15. O-O-O Nd5 16. Bd2 N7f6 17. h5 Rd8 18. f3 b5 19. Ng3 Bd6 20. Ne4 Bc7 21. Rh4 Kd7 22. Nc5+ Ke7 23. Ne4 Kd7 24. Nxf6+ Nxf6 25. g4 Rdg8 26. Rg1 Bd8 27. Rhh1 Nd5 28. f4 Bc7 29. Rf1 Ne7 30. Rf3 f6 31. Re1 Re8 32. b3 Bb6 33. Rh3 Rhf8 34. f5 exf5 35. gxf5 Nd5 36. Rg1 Re7 37. Rhg3 Rff7 38. R1g2 Bc7 39. Rf3 Kc8 40. Kc2 Bd6 41. Rg1 Rb7 42. Rb1 Rfe7 43. Rg1 Bh2 44. Rg2 Bd6 45. Rg1 Bh2 46. Ra1 Bd6 47. a4 a6 48. axb5 axb5 49. Ra6 Rb6 50. Rxb6 Nxb6 51. c4 bxc4 52. Bxc4 Nxc4 53. bxc4 Re4 54. Kd3 Rh4 55. d5 cxd5 56. cxd5 Rxh5 57. Kc4 Rh2 58. Be3 Rb2 59. Rf1 h5 60. Rg1 Bf8 61. Rh1 h4 62. Kc3 Rb5 63. Rxh4 Rxd5 64. Rh8 Rd8 65. Bb6 Bb4+ 66. Kxb4 Rxh8 0-1

[Event "ONJK-A 2019"]
[Site "Borne"]
[Date "2019.08.09"]
[Round "7.11"]
[White "Emans, Job"]
[Black "Van Roon, Sjoerd"]
[Result "0-1"]
[ECO "E98"]
[WhiteElo "1989"]
[BlackElo "2072"]
[Annotator "NA RC"]
[PlyCount "84"]
[EventDate "2019.08.05"]
[EventType "swiss"]
[EventCountry "NED"]
[SourceTitle "playchess.com"]
[Source "ChessBase"]
[SourceQuality "1"]
[TimeControl "5400+30"]

1. d4 Nf6 2. c4 g6 3. Nc3 Bg7 4. e4 O-O 5. Nf3 d6 6. Be2 e5 7. O-O Nc6 8. d5 Ne7 9. Ne1 Ne8 10. Nd3 f5 11. f3 f4 12. Bd2 g5 13. c5 h5 14. Rc1 Rf6 15. cxd6 cxd6 16. Nf2 Rh6 17. h3 Ng6 $14 18. Nb5 Bd7 19. Qb3 Bf6 20. Rc2 Qb8 21. a4 Bd8 22. Rfc1 Bb6 23. a5 Bxf2+ 24. Kxf2 g4 25. fxg4 hxg4 26. hxg4 Qd8 27. Rg1 Rh2 28. Kf1 Nf6 29. Nxd6 Bxg4 30. Qxb7 Bxe2+ 31. Kxe2 Rh7 32. Qxa8 Qxa8 33. Rc8+ Qxc8 34. Nxc8 Nxe4 35. Rc1 Rh2 36. Be1 Nf6 37. d6 Rxg2+ 38. Kf1 f3 39. Bf2 Nf4 40. Rd1 Ne4 41. Bxa7 Ng3+ 42. Ke1 Re2# 0-1

[Event "ONJK-A 2019"]
[Site "Borne"]
[Date "2019.08.09"]
[Round "8.2"]
[White "Baselmans, Sam"]
[Black "Baselmans, Luuk"]
[Result "0-1"]
[ECO "C11"]
[WhiteElo "2064"]
[BlackElo "2212"]
[Annotator "NA"]
[PlyCount "104"]
[EventDate "2019.08.05"]
[EventType "swiss"]
[EventCountry "NED"]
[SourceTitle "playchess.com"]
[Source "ChessBase"]
[SourceQuality "1"]
[TimeControl "5400+30"]

1. e4 e6 2. d4 d5 3. Nc3 Nf6 4. e5 Nfd7 5. f4 c5 6. Nf3 Nc6 7. Be3 cxd4 8. Nxd4 Bc5 9. Qd2 a6 10. Nd1 Nxd4 11. Bxd4 Bxd4 12. Qxd4 f6 13. exf6 Qxf6 14. Qxf6 gxf6 15. g3 b5 16. a4 b4 17. Bg2 Bb7 18. O-O Nc5 19. Re1 a5 20. Ne3 O-O-O 21. Rad1 f5 22. Rd4 h5 23. c3 bxc3 24. Rc1 Kb8 25. Rxc3 Rc8 26. b4 Nxa4 27. Rxc8+ Rxc8 28. bxa5 Nc3 29. Rb4 Ka7 30. Bf3 h4 31. g4 fxg4 32. Nxg4 Rc5 33. Rb6 Rc4 34. Rxe6 Rxf4 35. Kg2 Ne4 36. a6 h3+ 37. Kg1 Ng5 38. Rf6 Nxf3+ 39. Kf2 Rxg4 40. Kxf3 Bc8 41. Rd6 Rg2 42. Rxd5 Bxa6 43. Rd7+ Bb7+ 44. Kf4 Kb8 45. Rh7 Bc8 46. Rh8 Rxh2 47. Kg3 Rg2+ 48. Kf3 Kc7 49. Rh7+ Kd6 50. Rh6+ Ke5 51. Rh4 Bb7+ 52. Ke3 h2 0-1

[Event "ONJK-A 2019"]
[Site "Borne"]
[Date "2019.08.09"]
[Round "8.3"]
[White "Noordenbos, Daan"]
[Black "Boudry, William"]
[Result "1/2-1/2"]
[ECO "B41"]
[WhiteElo "2042"]
[BlackElo "2033"]
[Annotator "NA"]
[PlyCount "166"]
[EventDate "2019.08.05"]
[EventType "swiss"]
[EventCountry "NED"]
[SourceTitle "playchess.com"]
[Source "ChessBase"]
[SourceQuality "1"]
[TimeControl "5400+30"]

1. e4 c5 2. Nf3 e6 3. d4 cxd4 4. Nxd4 a6 5. c4 Qc7 6. Nc3 Nf6 7. a3 Nc6 8. Be3 Nxd4 9. Bxd4 Bc5 10. e5 Ng8 11. Ne4 Bxd4 12. Qxd4 Ne7 13. Nd6+ Kf8 14. Qf4 Nf5 15. Nxf5 exf5 16. Qxf5 d6 17. exd6 Qxd6 18. Qd3 Qe5+ 19. Qe2 Qc7 20. Qc2 Bg4 21. f3 Qe5+ 22. Be2 Bf5 23. Qd2 Re8 24. Rd1 Kg8 25. O-O h5 26. Rf2 Rh6 27. Bf1 Rhe6 28. Qd4 Qxd4 29. Rxd4 Re1 30. Rfd2 Kh7 31. Rd1 R8e2 32. Rxe1 Rxe1 33. Kf2 Rc1 34. Rd2 Be6 35. Bd3+ g6 36. Be4 Rxc4 37. Bxb7 a5 38. Ba6 Rc1 39. Bb5 Kg7 40. Ke3 h4 41. h3 Rc5 42. Bd3 Re5+ 43. Kf2 Rd5 44. Ke1 Re5+ 45. Be2 Kf6 46. Kf2 Ke7 47. b4 axb4 48. axb4 Bd7 49. Rd4 g5 50. f4 gxf4 51. Rxf4 Bc6 52. Rxh4 Bxg2 53. Bf3 Bxf3 54. Kxf3 Kf6 55. Re4 Rb5 56. Kf4 Rh5 57. Kg3 Rb5 58. Rc4 Rd5 59. Rc3 Rb5 60. Rb3 Kg5 61. Kf3 Kf5 62. Ke3 Ke5 63. Kd3 Kd5 64. Kc3 f6 65. Rb1 Kc6 66. Kc4 Rh5 67. b5+ Kb6 68. Rb3 Rc5+ 69. Kd4 Re5 70. Rf3 Kxb5 71. Rxf6 Rh5 72. Rf3 Kc6 73. Ke4 Kd6 74. Kf4 Ke7 75. Kg4 Rh7 76. h4 Rf7 77. Ra3 Kf6 78. Ra6+ Kg7 79. Kg5 Rb7 80. Ra5 Rc7 81. Kh5 Kh7 82. Kg5 Kg7 83. Kh5 Kh7 1/2-1/2

[Event "ONJK-A 2019"]
[Site "Borne"]
[Date "2019.08.09"]
[Round "8.4"]
[White "Hilwerda, Jonas"]
[Black "Hempler, Poul"]
[Result "1-0"]
[ECO "B12"]
[WhiteElo "2275"]
[BlackElo "1856"]
[Annotator "NA"]
[PlyCount "47"]
[EventDate "2019.08.05"]
[EventType "swiss"]
[EventCountry "NED"]
[SourceTitle "playchess.com"]
[Source "ChessBase"]
[SourceQuality "1"]
[TimeControl "5400+30"]

1. e4 c6 2. d4 d5 3. e5 Bf5 4. Ne2 e6 5. Ng3 Bg6 6. h4 h6 7. h5 Bh7 8. Bd3 Bxd3 9. cxd3 Qb6 10. Be3 Qxb2 11. Nd2 Qb6 12. O-O Nd7 13. Qg4 Ne7 14. f4 O-O-O 15. Rab1 Qa6 16. f5 Qxd3 17. Rb3 Qc2 18. fxe6 fxe6 19. Qxe6 Kb8 20. Qd6+ Kc8 21. Qa3 Nf5 22. Qxa7 Qxb3 23. Nxb3 Nxg3 24. Na5 1-0

[Event "ONJK-A 2019"]
[Site "Borne"]
[Date "2019.08.09"]
[Round "8.5"]
[White "Van Malder, Dries"]
[Black "Shakhverdian, William"]
[Result "1-0"]
[ECO "C47"]
[WhiteElo "2178"]
[BlackElo "2001"]
[Annotator "NA"]
[PlyCount "93"]
[EventDate "2019.08.05"]
[EventType "swiss"]
[EventCountry "NED"]
[SourceTitle "playchess.com"]
[Source "ChessBase"]
[SourceQuality "1"]
[TimeControl "5400+30"]

1. e4 e5 2. Nf3 Nc6 3. Nc3 Nf6 4. d4 exd4 5. Nxd4 Bb4 6. Nxc6 bxc6 7. Bd3 d5 8. exd5 cxd5 9. O-O O-O 10. h3 h6 11. Qf3 c6 12. Bf4 Bd6 13. Rfd1 Be6 14. Ne2 Rb8 15. b3 Re8 16. c4 c5 17. Bxd6 Qxd6 18. cxd5 Bxd5 19. Qg3 Qe7 20. Nf4 Ba8 21. Rac1 Kh8 22. h4 Rb4 23. Bc4 Bc6 24. f3 Rbb8 25. Re1 Qd7 26. Nd3 Bb5 27. Bxb5 Rxb5 28. Rxe8+ Qxe8 29. Qf2 Nd7 30. Re1 Qf8 31. Qe3 Rb6 32. Qe8 Qxe8 33. Rxe8+ Kh7 34. Rd8 Rb7 35. Rc8 Kg6 36. Nxc5 Nxc5 37. Rxc5 Rd7 38. Rc2 Kh5 39. g3 g5 40. hxg5 hxg5 41. Kf2 g4 42. f4 Kg6 43. Ke3 Kf5 44. Rc5+ Ke6 45. Ke4 Rb7 46. Rc6+ Kd7 47. Ra6 1-0

[Event "ONJK-A 2019"]
[Site "Borne"]
[Date "2019.08.09"]
[Round "8.6"]
[White "Merkon, Oseb"]
[Black "Ypma, Jord"]
[Result "0-1"]
[ECO "A29"]
[WhiteElo "2013"]
[BlackElo "1968"]
[Annotator "NA"]
[PlyCount "176"]
[EventDate "2019.08.05"]
[EventType "swiss"]
[EventCountry "NED"]
[SourceTitle "playchess.com"]
[Source "ChessBase"]
[SourceQuality "1"]
[TimeControl "5400+30"]

1. c4 Nf6 2. Nc3 e5 3. g3 d5 4. cxd5 Nxd5 5. Bg2 Nb6 6. Nf3 Nc6 7. a3 Be7 8. O-O O-O 9. e3 Bg4 10. h3 Bxf3 11. Bxf3 f5 12. Bxc6 bxc6 13. d4 e4 14. f3 Qd6 15. Kg2 Nd5 16. Nxd5 cxd5 17. Bd2 Qe6 18. Rc1 Bd6 19. f4 Kh8 20. Ba5 Qf7 21. Rc6 Rg8 22. Qc2 Rac8 23. Rc1 Qh5 24. Qd1 Qf7 25. Qc2 Qh5 26. Qd1 Qf7 27. h4 h6 28. Qc2 Qh5 29. Qd1 Qf7 30. Qe2 Rge8 31. a4 Re6 32. b4 Rg6 33. b5 Kh7 34. Ra6 Ra8 35. Rac6 Rc8 36. Be1 Ra8 37. a5 Qe7 38. Kh2 Rg4 39. Ra6 Qe8 40. Rac6 Qe7 41. a6 Rc8 42. Ba5 g5 43. hxg5 hxg5 44. Kg2 gxf4 45. Rh1+ Kg7 46. exf4 Bxf4 47. Rh3 Qa3 48. Bc3 Rh8 49. Rxh8 Kxh8 50. Kf1 Bxg3 51. Be1 Qa1 52. Rh6+ Kg7 53. Rh1 Bxe1 54. Qxe1 Qxd4 55. Qf2 Qd1+ 56. Qe1 Rf4+ 57. Kg2 Qf3+ 58. Kh2 Qf2+ 59. Qxf2 Rxf2+ 60. Kg3 Rf3+ 61. Kg2 Rb3 62. Rc1 Rxb5 63. Rxc7+ Kf6 64. Rxa7 Ra5 65. Ra8 Ke5 66. a7 Kf4 67. Kf2 d4 68. Rd8 Rxa7 69. Rxd4 Ra2+ 70. Kf1 Ke3 71. Rb4 Ra3 72. Rb2 Ra1+ 73. Kg2 Rd1 74. Rb3+ Rd3 75. Rb1 f4 76. Re1+ Kd4 77. Ra1 Rc3 78. Rd1+ Ke3 79. Re1+ Kd3 80. Rd1+ Ke2 81. Ra1 Rg3+ 82. Kh2 e3 83. Ra4 Kf3 84. Ra3 Rg7 85. Rb3 Kf2 86. Rb2+ e2 87. Kh3 Kf1 88. Rb3 Rg3+ 0-1

[Event "ONJK-A 2019"]
[Site "Borne"]
[Date "2019.08.09"]
[Round "8.7"]
[White "Albers, Sasa"]
[Black "Klaren, Duncan"]
[Result "0-1"]
[ECO "B50"]
[WhiteElo "1889"]
[BlackElo "1896"]
[Annotator "NA"]
[PlyCount "82"]
[EventDate "2019.08.05"]
[EventType "swiss"]
[EventCountry "NED"]
[SourceTitle "playchess.com"]
[Source "ChessBase"]
[SourceQuality "1"]
[TimeControl "5400+30"]

1. e4 c5 2. Nf3 d6 3. c3 Nf6 4. Be2 Nbd7 5. Qc2 Qc7 6. O-O b6 7. d4 cxd4 8. Nxd4 Bb7 9. f3 g6 10. Be3 Bg7 11. c4 a6 12. Nc3 O-O 13. Rac1 Ne5 14. b3 Rac8 15. Rfd1 Rfd8 16. Qb1 Qd7 17. Nd5 Nxd5 18. cxd5 b5 19. h3 Qe8 20. f4 Nd7 21. Nc6 Bxc6 22. dxc6 Nc5 23. a4 Qxc6 24. axb5 axb5 25. Bf3 Qa6 26. e5 Qa3 27. exd6 Rxd6 28. Bf2 Qb4 29. Rxd6 exd6 30. Bd5 Bd4 31. Qc2 Re8 32. Rf1 Re1 33. Bf3 Bxf2+ 34. Qxf2 Nd3 35. Rxe1 Nxf2 36. Kxf2 Qxb3 37. Rd1 Qc2+ 38. Kf1 b4 39. Rxd6 b3 40. Rd8+ Kg7 41. Re8 b2 0-1

[Event "ONJK-A 2019"]
[Site "Borne"]
[Date "2019.08.09"]
[Round "8.8"]
[White "Vitharana, Annelies"]
[Black "Van Roon, Sjoerd"]
[Result "0-1"]
[ECO "C45"]
[WhiteElo "1768"]
[BlackElo "2072"]
[Annotator "NA"]
[PlyCount "92"]
[EventDate "2019.08.05"]
[EventType "swiss"]
[EventCountry "NED"]
[SourceTitle "playchess.com"]
[Source "ChessBase"]
[SourceQuality "1"]
[TimeControl "5400+30"]

1. e4 e5 2. Nf3 Nc6 3. d4 exd4 4. Nxd4 Nf6 5. Nxc6 bxc6 6. e5 Qe7 7. Qe2 Nd5 8. c4 Ba6 9. b3 O-O-O 10. Qb2 Nb6 11. Be2 Re8 12. Bf4 g5 13. Bg3 Bg7 14. O-O Bxe5 15. Bxe5 Qxe5 16. Nc3 c5 17. Bh5 Re6 18. Bf3 h5 19. Qd2 Qd4 20. Qc2 g4 21. Be4 Rhe8 22. Rad1 Qf6 23. a4 Bb7 24. Bxb7+ Kxb7 25. a5 h4 26. axb6 h3 27. Nd5 Qh6 28. g3 axb6 29. Ne3 Qf6 30. Rxd7 Qf3 31. Qd2 Kc8 32. Ra1 Re5 33. Ra7 Qc6 34. Rdxc7+ Qxc7 35. Rxc7+ Kxc7 36. Kf1 f5 37. Nd5+ Kb7 38. Nc3 Kc6 39. Nb5 R8e6 40. Nc3 Rd6 41. Qf4 Rde6 42. f3 Re3 43. fxg4 fxg4 44. Qxg4 Rf6+ 45. Qf4 Rxf4+ 46. gxf4 Rxc3 0-1

[Event "ONJK-A 2019"]
[Site "Borne"]
[Date "2019.08.09"]
[Round "8.9"]
[White "Butzen, Robin"]
[Black "Godde, Matthias"]
[Result "0-1"]
[ECO "E99"]
[WhiteElo "1967"]
[BlackElo "1989"]
[Annotator "NA"]
[PlyCount "94"]
[EventDate "2019.08.05"]
[EventType "swiss"]
[EventCountry "NED"]
[SourceTitle "playchess.com"]
[Source "ChessBase"]
[SourceQuality "1"]
[TimeControl "5400+30"]

1. d4 Nf6 2. c4 g6 3. Nc3 Bg7 4. e4 d6 5. Be2 O-O 6. Nf3 e5 7. O-O Nc6 8. d5 Ne7 9. Ne1 Nd7 10. Be3 f5 11. f3 f4 12. Bf2 g5 13. Nb5 b6 14. b4 Ng6 15. Nd3 Rf7 16. c5 Bf8 17. cxd6 cxd6 18. Rc1 Nf6 19. Rc3 g4 20. Qc2 g3 21. hxg3 fxg3 22. Bxg3 Nh5 23. Bh2 Nh4 24. f4 Nxg2 25. Bxh5 Rg7 26. Kh1 Ne3 27. Qf2 Nxf1 28. Qxf1 Qh4 29. Bf3 Ba6 30. a4 exf4 31. Nxf4 Rc8 32. Rxc8 Bxc8 33. Nd4 Be7 34. Nfe6 Bxe6 35. Nxe6 Rf7 36. e5 dxe5 37. Kg1 Bf6 38. Qc1 h6 39. Qc8+ Kh7 40. Qc2+ Kg8 41. Be4 Qe1+ 42. Kg2 Bg7 43. Bg3 Qxb4 44. Bg6 Rf6 45. Bxe5 Qg4+ 46. Kh2 Rxg6 47. Nxg7 Qh4# 0-1

[Event "ONJK-A 2019"]
[Site "Borne"]
[Date "2019.08.09"]
[Round "8.10"]
[White "De Vries, Tobias"]
[Black "Akulova, Alicia"]
[Result "1/2-1/2"]
[ECO "A46"]
[WhiteElo "1868"]
[BlackElo "1702"]
[Annotator "NA"]
[PlyCount "44"]
[EventDate "2019.08.05"]
[EventType "swiss"]
[EventCountry "NED"]
[SourceTitle "playchess.com"]
[Source "ChessBase"]
[SourceQuality "1"]
[TimeControl "5400+30"]

1. Nf3 d5 2. g3 Nf6 3. Bg2 e6 4. O-O Be7 5. d4 b5 6. b3 Bb7 7. c4 bxc4 8. bxc4 dxc4 9. Qa4+ Nfd7 10. Na3 O-O 11. Nxc4 c5 12. Nfe5 Bxg2 13. Kxg2 cxd4 14. Nxd7 Qxd7 15. Qxd7 Nxd7 16. Rb1 Rac8 17. Rb7 Rfd8 18. Ba3 Bxa3 19. Nxa3 a6 20. Rfb1 Nc5 21. R7b6 Kf8 22. Rc1 Ke7 1/2-1/2